 Dungeon Crawl Stone Soup version 0.30-a0-6-g7c9e10e132 (webtiles) character file.

Game seed: 16185568451186847563

70 themarg the Poker (level 4, -3/32 HPs)
             Began as a Gnoll Wanderer on Aug 22, 2022.
             Slain by a gnoll
             ... wielding a +0 flail
              (7 damage)
             ... on level 3 of the Dungeon.
             The game lasted 00:05:32 (2702 turns).

themarg the Poker (Gnoll Wanderer)                  Turns: 2702, Time: 00:05:33

Health: -3/32      AC:  4    Str: 13    XL:     4   Next: 21%
Magic:  14/20      EV: 11    Int: 10    God:
Gold:   120        SH:  0    Dex: 13    Spells: 12/13 levels left

rFire   . . .      SeeInvis .    h - +2 whip (elec)
rCold   . . .      Faith    .    (no shield)
rNeg    . . .      Spirit   .    d - +0 leather armour
rPois   .          Reflect  .    (no helmet)
rElec   .          Harm     .    b - +0 cloak
rCorr   .          Rampage  .    (no gloves)
Will    .....                    (no boots)
Stlth   ++........               (no amulet)
HPRegen 0.10/turn                s - ring of magical power
MPRegen 0.17/turn                (no ring)

@: no status effects
A: fangs 1, strong nose, distributed training
a: no special abilities


You were on level 3 of the Dungeon.
You visited 1 branch of the dungeon, and saw 3 of its levels.

You collected 120 gold pieces.

Inventory:

Hand Weapons
 h - a +2 whip of electrocution (weapon)
Missiles
 n - 5 poisoned darts
Armour
 b - a +0 cloak (worn)
 d - a +0 leather armour (worn)
Jewellery
 s - a ring of magical power (left hand)
Scrolls
 c - 2 scrolls of silence
 e - 2 scrolls of noise {unknown}
 f - 4 scrolls of identify {unknown}
 g - a scroll of teleportation {unknown}
 i - 2 scrolls of butterflies {unknown}
 k - a scroll of enchant armour {unknown}
Potions
 a - a potion of lignification {unknown}
 j - a potion of haste {unknown}
 l - a potion of curing {unknown}
 m - a potion of invisibility {unknown}
 o - 2 potions of flight {unknown}
 p - a potion of attraction {unknown}
 q - a potion of berserk rage {unknown}
 r - a potion of resistance {unknown}


   Skills:
 + Level 1.1 Fighting
 + Level 1.1 Short Blades
 + Level 1.1 Long Blades
 + Level 1.1 Axes
 + Level 1.1 Maces & Flails
 + Level 6.6 Polearms
 + Level 1.1 Staves
 + Level 1.1 Ranged Weapons
 + Level 1.1 Throwing
 + Level 2.7 Armour
 + Level 1.1 Dodging
 + Level 2.5 Stealth
 + Level 1.1 Shields
 + Level 1.1 Unarmed Combat
 + Level 5.0 Spellcasting
 + Level 0.8 Conjurations
 + Level 0.8 Hexes
 + Level 3.8 Summonings
 + Level 0.8 Necromancy
 + Level 0.8 Translocations
 + Level 0.8 Transmutations
 + Level 0.8 Fire Magic
 + Level 0.8 Ice Magic
 + Level 0.8 Air Magic
 + Level 0.8 Earth Magic
 + Level 0.8 Poison Magic
 + Level 1.2 Invocations
 + Level 2.7 Evocations


You had 12 spell levels left.
You knew the following spells:

 Your Spells              Type           Power      Damage    Failure   Level
a - Summon Small Mammal   Summ           40%        N/A       6%          1

Your spell library contained the following spells:

 Spells                   Type           Power      Damage    Failure   Level
 Call Canine Familiar     Summ           10%        N/A       19%         3


Dungeon Overview and Level Annotations

Branches:
Dungeon (3/15)

Altars:

Shops:
D:3 [**


Innate Abilities, Weirdness & Mutations

You have very sharp teeth.
Your uncanny sense of smell can sniff out nearby items.
Your experience applies equally to all skills.


Message History

s - a ring of magical power (left hand)
The gnoll shouts!
A gnoll comes into view. It is wielding a +0 flail.
A gnoll comes into view. It is wielding a +0 flail.
The rat bites you but does no damage.
You hit the rat but do no damage. You bite the rat, but do no damage.
The rat completely misses you.
You hit the rat but do no damage. Your bite misses the rat.
The rat bites you but does no damage.
You completely miss the rat. The rat bites you.
You hit the rat. Lightning courses through the rat!!
You kill the rat!
You barely miss the gnoll. The gnoll barely misses you.
The gnoll shouts!
You hit the gnoll but do no damage.
The gnoll hits you with a +0 whip of venom.
You are poisoned.
You closely miss the gnoll.
You feel very sick.
You hit the gnoll.
The gnoll is heavily wounded.
You feel sick.
You hit the gnoll but do no damage.
The gnoll is heavily wounded.
You feel sick. The gnoll closely misses you.
You barely miss the gnoll.
The gnoll is heavily wounded.
You feel sick. The gnoll barely misses you.
You hit the gnoll. Lightning courses through the gnoll!
You kill the gnoll!
You feel sick.
You closely miss the gnoll.
You feel sick. The gnoll closely misses you.
You closely miss the gnoll.
You feel sick. The gnoll hits you with a +0 flail!
* * * LOW HITPOINT WARNING * * *
You hit the gnoll.
The gnoll is moderately wounded.
You feel sick.
You are no longer poisoned.
The gnoll hits you with a +0 flail!
You die...

.....###.##.#.#...
.....##.....#.......
.....##..##########..
.....##.........# .
.######...#####.#
.######...# .......<..#
#
.#####...#########.##..#
.#####..........@gg....#
.......#.#########.###.#
####.....####### #
⌠.⌠<...........#
.∩...#########.#
⌠.⌠....# #.# .#.#.#.#
#.# .#.#.#.# #.#
.#.#.#.# #.#


You could see 2 gnolls.

Vanquished Creatures
  A gnoll (D:3)
  An adder (D:2)
  A dart slug (D:3)
  3 bats (D:1)
  8 endoplasms
  3 giant cockroaches (D:1)
  2 goblins (D:1)
  3 hobgoblins
  3 kobolds (D:1)
  4 quokkas
  6 ball pythons
  2 frilled lizards
  7 rats
44 creatures vanquished.

Notes
Turn   | Place    | Note
-------+----------+-------------------------------------------
     0 | D:1      | themarg the Gnoll Wanderer began the quest for the Orb.
     0 | D:1      | themarg set off with the following items: a +0 trident, a
                  | +0 cloak, a scroll of silence, a +0 leather armour; and the
                  | following spell memorised: Summon Small Mammal; and the
                  | following spells available to memorise: Call Canine
                  | Familiar.
     0 | D:1      | Reached XP level 1. HP: 13/13 MP: 6/6
   147 | D:1      | Reached XP level 2. HP: 14/19 MP: 7/7
   947 | D:1      | Reached skill level 5 in Spellcasting
   947 | D:1      | Reached XP level 3. HP: 19/25 MP: 7/9
  1566 | D:2      | Found a faded altar of an unknown god.
  1669 | D:2      | Reached skill level 1 in Invocations
  1796 | D:2      | Reached skill level 1 in Fighting
  1796 | D:2      | Reached skill level 1 in Short Blades
  1796 | D:2      | Reached skill level 1 in Long Blades
  1796 | D:2      | Reached skill level 1 in Axes
  1796 | D:2      | Reached skill level 1 in Maces & Flails
  1796 | D:2      | Reached skill level 1 in Staves
  1796 | D:2      | Reached skill level 1 in Ranged Weapons
  1796 | D:2      | Reached skill level 1 in Throwing
  1796 | D:2      | Reached skill level 1 in Dodging
  1796 | D:2      | Reached skill level 1 in Shields
  1796 | D:2      | Reached skill level 1 in Unarmed Combat
  2538 | D:3      | Found Cietom's Assorted Antiques.
  2580 | D:3      | Reached XP level 4. HP: 32/32 MP: 11/11
  2590 | D:3      | Found Wedwur's Antique Armour Shoppe.
  2642 | D:3      | Found Zyhecuna's General Store.
  2702 | D:3      | Slain by a gnoll

Illustrated notes

Levels and vault maps discovered:
D:1:      psy_arrival_whirlpool, layout_basic
D:2:      minmay_chambers_of_ones, layout_loops_corners,
          dreamdust_ecumenical_altar_statues
D:3:      layout_basic, nicolae_overflow_crystal_walls, lemuel_doored_altar,
          serial_shops, nicolae_shop_temple_entry_statues_fountains,
          nicolae_shop_competitors_out_of_business, shop_fountains,
          nicolae_shop_window_shopping, nicolae_square_shop

Skill      XL: |  1  2  3 |
---------------+----------+-----
Spellcasting   | 5 |  5.0
Invocations    | 1 |  1.2
Fighting       | 1 |  1.1
Short Blades   | 1 |  1.1
Long Blades    | 1 |  1.1
Axes           | 1 |  1.1
Maces & Flails | 1 |  1.1
Staves         | 1 |  1.1
Ranged Weapons | 1 |  1.1
Throwing       | 1 |  1.1
Dodging        | 1 |  1.1
Shields        | 1 |  1.1
Unarmed Combat | 1 |  1.1
Polearms       | |  6.6
Armour         | |  2.7
Stealth        | |  2.5
Conjurations   | |  0.8
Hexes          | |  0.8
Summonings     | |  3.8
Necromancy     | |  0.8
Translocations | |  0.8
Transmutations | |  0.8
Fire Magic     | |  0.8
Ice Magic      | |  0.8
Air Magic      | |  0.8
Earth Magic    | |  0.8
Poison Magic   | |  0.8
Evocations     | |  2.7

Action                   |  1- 3 |  4- 6 || total
-------------------------+-------+-------++-------
Melee: Trident           |    11 |       ||    11
       Bite              |    11 |     1 ||    12
       Whip              |    95 |    18 ||   113
       Punch             |     1 |       ||     1
 Stab: Sleeping          |     8 |     1 ||     9
Armor: Leather armour    |    27 |     4 ||    31
Dodge: Dodged            |    59 |     6 ||    65

Table legend: (Time is in decaauts)
 A = Elapsed time spent in this place.
 B = Non-inter-level travel time spent in this place.
 C = Inter-level travel time spent in this place.
 D = Time resting spent in this place.
 E = Time spent auto-exploring this place.
 F = Levels seen in this place.
 G = Mean time per level.
                   A        B        C        D        E       F      G
               +--------+--------+--------+--------+--------+-----+--------+
         Total |   2710 |   2622 |     88 |    571 |   1643 |   3 |  903.3 |
       Dungeon |   2710 |   2622 |     88 |    571 |   1643 |   3 |  903.3 |
               +--------+--------+--------+--------+--------+-----+--------+

Top non-repeatable levels by time:
     D:1: 1475 daAuts
     D:2: 1070 daAuts
     D:3: 164 daAuts
